 Dungeon Sprint DCSS version 0.31-a0-360-gb3e1d13bf4 (webtiles) character file.

Game seed: 464139806128446115

3086 dialectric the Ninja (level 9, 0/49 HPs)
             Began as a Spriggan Brigand on July 27, 2023.
             Was a Believer of Uskayaw.
             Shot with an arrow by a centaur warrior (18 damage)
             ... in the Dungeon (Sprint I: "Red Sonja").
             The game lasted 00:01:53 (306 turns).

dialectric the Ninja (Spriggan Brigand)              Turns: 306, Time: 00:01:53

Health: 0/49       AC:  5    Str:  6 (7)  XL:     9   Next: 59%
Magic:  10/10      EV: 21    Int: 12      God:    Uskayaw [**....]
Gold:   891        SH:  0    Dex: 21      Spells: 8/8 levels left

rFire   + . .        a - +2 dagger
rCold   . . .        (no shield)
rNeg    . . .        b - +0 robe
rPois   .            (helmet restricted)
rElec   .            c - +0 cloak
rCorr   .            (gloves unavailable)
SInv    +            (boots unavailable)
Will    +....        (no amulet)
Stlth   ++++++++++   (no ring)
HPRegen 0.28/turn    (no ring)
MPRegen 0.12/turn

%: no teleportation, random rage (3%)
@: on berserk cooldown, slowed, unable to drink, quick
A: very small, no large weapons, unfitting armour, see invisible, speed 3,
iridescent scales 1, berserk 1, deterioration 1, fire resistance 1, inability to
drink after injury 1
a: Renounce Religion, Stomp, Line Pass


You were in the Dungeon.
You worshipped Uskayaw.
Uskayaw was noncommittal.
You visited 1 branch You collected 891 gold pieces.

Inventory:

Hand Weapons
 a - a +2 dagger (weapon)
 n - a +1 dagger of venom
Missiles
 d - 9 poisoned darts
 l - 5 curare-tipped darts
Armour
 b - a +0 robe (worn)
 c - a +0 cloak (worn)
Wands
 e - a wand of charming (7)
 m - a wand of mindburst (10)
Scrolls
 k - a scroll of blinking
 p - a scroll of identify {unknown}
Potions
 f - 3 potions of curing
 g - a potion of heal wounds
 h - a potion of haste
 i - 2 potions of magic
 o - 2 potions of resistance {unknown}


   Skills:
 + Level 6.5 Fighting
 + Level 10.2 Short Blades
 - Level 2.7 Throwing
 + Level 5.4 Dodging
 O Level 27 Stealth


You had 8 spell levels left.
You didn't know any spells.
Your spell library was empty.

Dungeon Overview and Level Annotations

Branches:
Dungeon (1/1)

Altars:
Cheibriados
Dithmenos
Elyvilon
Fedhas
Gozag
Hepliaklqana
Kikubaaqudgha
Makhleb
Nemelex Xobeh
Okawaru
Qazlal
Ru
Sif Muna
Trog
Uskayaw
Vehumet
Wu Jian
Xom
Yredelemnul
Zin
The Shining One
Jiyva
Lugonu

Shops:
D *![


Innate Abilities, Weirdness & Mutations

You are very small and have problems with some larger weapons.
You are too small for most types of armour.
You have supernaturally acute eyesight. (SInv)
You cover ground extremely quickly. (Speed+++)
You are partially covered in iridescent scales. (AC +2)
You sometimes lose your temper in combat.
Your body sometimes deteriorates upon taking damage.
Your flesh is heat resistant. (rF+)
You occasionally lose the ability to drink potions when taking damage.


Message History

The centaur warrior hits you! The centaur warrior kicks you.
Unknown command.
The centaur warrior hits you.
The centaur warrior kicks you but does no damage.
There is an open door here.
You see here a +0 scale mail.
A red film seems to cover your vision as you go berserk!
You feel yourself moving faster!
You feel mighty! The centaur warrior misses you.
The centaur warrior kicks you but does no damage.
You hit the centaur warrior.
The centaur warrior is lightly wounded.
You hit the centaur warrior.
The centaur warrior is moderately wounded.
The centaur warrior hits you! The centaur warrior misses you.
There is an open door, spattered with blood here.
You enter the shallow water.
Moving in this stuff is going to be slow.
You feel a strong urge to attack something.
The centaur warrior barely misses you. The centaur warrior misses you.
The centaur warrior hits you!
The centaur warrior kicks you but does no damage.
The centaur warrior wields a +0 orcbow.
The centaur warrior shoots an arrow.
The arrow barely misses you.
The arrow hits the centaur warrior!!
There is an open door, spattered with blood here.
You feel your anger nearly subside. The centaur warrior hits you!
You feel threatened and lose the ability to drink potions!
The centaur warrior barely misses you.
You puncture the centaur warrior!
The centaur warrior is almost dead.
You are no longer berserk.
You are exhausted.
You feel yourself slow down. The centaur warrior misses you.
The centaur warrior completely misses you.
You can now pass through a line of other dancers.
You hit the centaur warrior.
The centaur warrior is almost dead.
The centaur warrior shoots an arrow.
The arrow hits you!!
You die...

#<.#..'..#.)'..#__#..'..[#
#..)..#.)'..#..'..'..#...#
#..#####'#####'#__####)..+
#..####..#...#.####!§#####
#..#__####..##.#~§~§.#
#..#_____##'#_.+§§§.§+
#⌠⌠#_.∩..†'..._#~c§§§#
####_..__##_.#'##§####
#_____###'#.#@c§.###
############.####§###.##
#∩...GG.G.+...'..§..'.∩#
###'''G####.).##########
#.......####.###
#....GGG.#.#'#.#
#..#.....#.....#
#G.......#...=.#
#.....#..#######


You could see 2 centaur warriors.

Vanquished Creatures
  Sonja (D)
  A deep troll (D)
  2 shining eyes (D)
  2 kobold demonologists (D)
  Sigmund (D)
  A slime creature (D)
  A yak (D)
  2 floating eyes (D)
  An ogre (D)
  A jelly (D)
  Ijyb (D)
  A ballistomycete spore (D)
15 creatures vanquished.

Vanquished Creatures (others)
  A ballistomycete spore (D)
1 creature vanquished.

Grand Total: 16 creatures vanquished

Notes
Turn   | Place    | Note
-------+----------+-------------------------------------------
     0 | D        | dialectric the Spriggan Brigand began the quest for the
                  | Orb.
     0 | D        | Reached XP level 1. HP: 10/10 MP: 2/2
     1 | D        | Noticed Ijyb
    19 | D        | Killed Ijyb
    20 | D        | Reached skill level 9 in Stealth
    20 | D        | Reached XP level 2. HP: 9/15 MP: 3/3
    27 | D        | Noticed an ogre
    29 | D        | Killed an ogre
    30 | D        | Reached skill level 13 in Stealth
    30 | D        | Reached XP level 3. HP: 14/19 MP: 4/4
    30 | D        | Reached XP level 4. HP: 17/23 MP: 5/5
    32 | D        | Noticed Sigmund
    34 | D        | Killed Sigmund
    35 | D        | Reached skill level 5 in Short Blades
    35 | D        | Reached skill level 17 in Stealth
    35 | D        | Reached XP level 5. HP: 22/28 MP: 6/6
    35 | D        | Reached XP level 6. HP: 25/32 MP: 7/7
    56 | D        | Found a shimmering blue altar of Sif Muna.
    57 | D        | Found an ornate altar of the Wu Jian Council.
    58 | D        | Found a radiant altar of Vehumet.
    93 | D        | Found Eviummoo's Distillery.
    93 | D        | Found an ancient bone altar of Kikubaaqudgha.
    93 | D        | Found a stormy altar of Qazlal.
    93 | D        | Found a blossoming altar of Fedhas.
    93 | D        | Found a bloodstained altar of Trog.
    93 | D        | Found an iron altar of Okawaru.
    93 | D        | Found a glowing golden altar of the Shining One.
    93 | D        | Found a glowing silver altar of Zin.
    93 | D        | Found a white marble altar of Elyvilon.
    93 | D        | Noticed a yak
    94 | D        | Found a hazy altar of Hepliaklqana.
    94 | D        | Found a hide-covered altar of Uskayaw.
    94 | D        | Found a basalt altar of Yredelemnul.
    94 | D        | Found an opulent altar of Gozag.
    94 | D        | Found a snail-covered altar of Cheibriados.
    94 | D        | Found a sacrificial altar of Ru.
    94 | D        | Found a shadowy altar of Dithmenos.
    95 | D        | Killed a yak
    96 | D        | Reached skill level 19 in Stealth
    96 | D        | Found a sparkling altar of Nemelex Xobeh.
    99 | D        | Became a worshipper of Uskayaw the Reveller
   112 | D        | Found a burning altar of Makhleb.
   112 | D        | Found a shimmering altar of Xom.
   112 | D        | Noticed a slime creature
   113 | D        | Found a viscous altar of Jiyva.
   113 | D        | Found a corrupted altar of Lugonu.
   115 | D        | Killed a slime creature
   115 | D        | Reached * piety under Uskayaw
   116 | D        | Reached skill level 20 in Stealth
   116 | D        | Reached XP level 7. HP: 38/38 MP: 8/8
   128 | D        | Noticed a kobold demonologist
   129 | D        | Noticed a kobold demonologist
   132 | D        | Reached skill level 21 in Stealth
   132 | D        | Killed a kobold demonologist
   132 | D        | Reached ** piety under Uskayaw
   133 | D        | Reached skill level 22 in Stealth
   134 | D        | Killed a kobold demonologist
   134 | D        | Reached *** piety under Uskayaw
   135 | D        | Reached skill level 5 in Fighting
   135 | D        | Reached skill level 23 in Stealth
   135 | D        | Reached XP level 8. HP: 43/43 MP: 9/9
   159 | D        | Noticed Sonja
   163 | D        | Killed Sonja
   164 | D        | Reached skill level 25 in Stealth
   168 | D        | Noticed a deep troll
   172 | D        | Killed a deep troll
   173 | D        | Reached skill level 26 in Stealth
   173 | D        | Reached XP level 9. HP: 47/47 MP: 10/10
   187 | D        | Found Patyoz's General Store.
   189 | D        | Noticed a shining eye
   189 | D        | Noticed a shining eye
   189 | D        | Noticed a shining eye
   190 | D        | Noticed a shining eye
   190 | D        | Noticed a shining eye
   190 | D        | Noticed a shining eye
   191 | D        | Noticed a shining eye
   191 | D        | Noticed a shining eye
   192 | D        | Killed a shining eye
   193 | D        | Reached skill level 5 in Dodging
   193 | D        | Reached skill level 27 in Stealth
   195 | D        | Gained mutation: You occasionally lose the ability to drink
                  | potions when taking damage. [a shining eye]
   196 | D        | Killed a shining eye
   197 | D        | Reached skill level 10 in Short Blades
   198 | D        | Paralysed by a floating eye for 3 turns
   199 | D        | Gained mutation: Your body sometimes deteriorates upon
                  | taking damage. [a shining eye]
   201 | D        | Gained mutation: Your flesh is heat resistant. (rF+) [a
                  | shining eye]
   205 | D        | Gained mutation: You sometimes lose your temper in combat.
                  | [a shining eye]
   208 | D        | Paralysed by a floating eye for 4 turns
   211 | D        | Gained mutation: You are partially covered in iridescent
                  | scales. (AC +2) [a shining eye]
   280 | D        | Found Cikyiq's Armour Emporium.
   292 | D        | Noticed a centaur warrior
   293 | D        | Noticed a centaur warrior
   306 | D        | Shot with an arrow by a centaur warrior

Illustrated notes

Levels and vault maps discovered:
D:        dungeon_sprint_1 [red_sonja_temple_1, red_sonja_temple_small_1]

Skill      XL: |  1  2  3  4  5  6  7  8  9 |
---------------+----------------------------+-----
Fighting       | 2 3 4 5 6 |  6.5
Short Blades   | 3 4 5 6 7 8 10 | 10.2
Stealth        | 9 13 17 20 23 26 27 | 27.0
Dodging        | 2 3 4 5 |  5.4
Throwing       | |  2.7

Action                     |  1- 3 |  4- 6 |  7- 9 || total
---------------------------+-------+-------+-------++-------
  Melee: Dagger            |    14 |     4 |    16 ||    34
  Throw: Dart              |     3 |       |       ||     3
    Use: Potion            |       |       |     1 ||     1
   Stab: Sleeping          |     1 |     4 |     9 ||    14
 Armour: Robe              |     1 |       |     3 ||     4
  Dodge: Dodged            |     3 |       |    11 ||    14

Table legend: (Time is in decaauts)
 A = Elapsed time spent in this place.
 B = Non-inter-level travel time spent in this place.
 C = Inter-level travel time spent in this place.
 D = Time resting spent in this place.
 E = Time spent auto-exploring this place.
 F = Levels seen in this place.
 G = Mean time per level.
                   A        B        C        D        E       F      G
               +--------+--------+--------+--------+--------+-----+--------+
         Total |    220 |    220 |      0 |      0 |      0 |   1 |  220.0 |
       Dungeon |    220 |    220 |      0 |      0 |      0 |   1 |  220.0 |
               +--------+--------+--------+--------+--------+-----+--------+

Top non-repeatable levels by time:
       D: 220 daAuts
